AoeStats
← Fefo

Black Forest

508973795Analyzed
4v4 RM · 8d ago on Sep 24, 2026· 67m 24s· 8 players
Game mode
Random Map
Map size
Large (8 player)
Population
200
Speed
Normal
Resources
Standard
Victory
Conquest
Starting age
Dark Age
Ending age
Imperial Age
RankedLock teamsTeams togetherTeam positionsShared explorationLock speedFull tech treeHidden civsTurbo modeCheats
Victory
Defeat
🇦🇷 Khmer · Argentina
1085
+13
🇦🇷 Danes · Argentina
1060
+14
🇦🇷 Bohemians · Argentina
1039
+15
🇦🇷 Burgundians · Argentina
867
+23
🇨🇳 Turks · China
1096
-18
🇲🇽 Muisca · Mexico
1054
-18
🇻🇪 Vikings · Venezuela
975
-15
🇫🇷 Lithuanians · France
959
-14
bicente
10:32 Feudal Age
16:30 Castle Age
15:21 Double-Bit Axe
15:44 Horse Collar
16:13 Arson
16:50 Forging
17:34 Pikeman
20:56 Squires
21:51 Scale Mail Armor
23:28 Man-at-Arms
24:17 Heavy Plow
25:21 Chain Mail Armor
26:00 Bow Saw
27:27 Wheelbarrow
26:48 Long Swordsman
29:41 Hand Cart
30:24 Loom
31:54 Iron Casting
31:47 Town Watch
36:19 Fletching
40:48 Imperial Age
38:57 Padded Archer Armor
39:50 Bodkin Arrow
40:08 Town Patrol
40:53 Two-Handed Swordsman
42:51 Blast Furnace
41:27 Capped Ram
41:49 Champion
44:40 Two-Man Saw
45:17 Plate Mail Armor
44:41 Halberdier
47:02 Chemistry
47:37 Conscription
47:27 Wagenburg Tactics
48:40 Leather Archer Armor
48:44 Fervor
49:52 Sanctity
52:43 Ring Archer Armor
Tuxilion
4:58 Loom
12:19 Feudal Age
14:12 Double-Bit Axe
14:54 Man-at-Arms
17:29 Scale Mail Armor
18:44 Forging
21:52 Castle Age
21:51 Arson
26:00 Squires
27:15 Scale Barding Armor
28:38 Gambesons
29:35 Iron Casting
31:12 Chain Mail Armor
32:07 Wheelbarrow
33:44 Long Swordsman
38:12 Bow Saw
38:01 Fletching
39:38 Horse Collar
39:43 Fishing Lines
42:53 Imperial Age
40:11 Hamask
41:23 Hand Cart
41:12 Heavy Plow
43:05 Capped Ram
43:33 Elite Jomsviking
45:38 Conscription
44:54 Siege Ram
48:21 Blast Furnace
47:52 Plate Mail Armor
48:32 Pikeman
49:21 Halberdier
52:41 Elite Varangian Guard
52:51 Two-Handed Swordsman
55:34 Caravan
55:30 Champion
63:31 Bodkin Arrow
63:37 Padded Archer Armor
63:57 Chain Barding Armor
63:19 Northmen's Fury
Fefo
1:41 Loom
16:57 Feudal Age
15:28 Double-Bit Axe
17:25 Stone Mining
19:19 Town Watch
20:10 Wheelbarrow
23:35 Bow Saw
24:11 Horse Collar
27:19 Gold Mining
30:45 Castle Age
29:11 Scale Mail Armor
29:04 Man-at-Arms
29:42 Arson
34:39 Heavy Plow
35:19 Long Swordsman
35:22 Pikeman
36:04 Squires
36:25 Chain Mail Armor
40:55 Gold Shaft Mining
42:10 Fortified Wall
42:32 Forging
46:08 Imperial Age
44:17 Crop Rotation
48:11 Chemistry
46:38 Two-Handed Swordsman
49:35 Champion
50:53 Plate Mail Armor
50:14 Fletching
50:25 Padded Archer Armor
51:02 Scale Barding Armor
52:36 Masonry
52:50 Ballistics
54:00 Two-Man Saw
55:27 Halberdier
57:59 Iron Casting
57:20 Bodkin Arrow
57:53 Hand Cart
59:23 Guard Tower
59:38 Siphons
59:15 Treadmill Crane
59:46 Careening
PEPO
0:47 Loom
15:27 Feudal Age
18:09 Double-Bit Axe
25:10 Castle Age
23:19 Fletching
29:13 Wheelbarrow
29:17 Bodkin Arrow
29:22 Padded Archer Armor
28:47 Crossbowman
32:17 Fishing Lines
34:29 Leather Archer Armor
38:44 Hand Cart
38:58 Horse Collar
41:29 Gold Mining
41:30 Stone Mining
42:19 Heavy Plow
43:02 Gold Shaft Mining
45:52 Imperial Age
44:28 Town Watch
47:06 Scale Barding Armor
47:12 Forging
47:18 Bloodlines
47:09 Husbandry
47:50 Conscription
47:32 Double Crossbow
48:52 Elite Ballista Elephant
52:26 Chain Barding Armor
52:43 Iron Casting
52:51 Crop Rotation
53:35 Stone Shaft Mining
54:21 Chemistry
53:43 Ballistics
53:35 Fortified Wall
53:31 Siege Engineers
53:40 Fortified Wall
60:32 Plate Barding Armor
60:59 Blast Furnace
61:41 Heated Shot
62:01 Masonry
NikoNikoNiiUwUQueen
5:10 Loom
12:43 Feudal Age
13:57 Double-Bit Axe
14:04 Horse Collar
16:43 Castle Age
15:59 Wheelbarrow
16:11 Scale Mail Armor
18:08 Bow Saw
18:59 Chain Mail Armor
18:37 Champi Runner
19:18 Squires
19:48 Heavy Plow
19:21 Champi Warrior
27:13 Forging
27:26 Hand Cart
33:58 Iron Casting
35:22 Gold Mining
35:25 Stone Mining
40:55 Gold Shaft Mining
41:05 Stone Shaft Mining
the King
0:28 Loom
12:58 Feudal Age
13:05 Man-at-Arms
15:17 Forging
15:08 Scale Mail Armor
GENTILLESSE
10:16 Loom
13:23 Feudal Age
17:41 Castle Age
16:51 Fishing Lines
16:54 Horse Collar
17:02 Double-Bit Axe
17:15 Gold Mining
23:39 Wheelbarrow
26:02 Hand Cart
26:40 Heavy Plow
29:34 Imperial Age
27:44 Bow Saw
28:44 Husbandry
28:54 Scale Barding Armor
29:55 Cavalier
30:46 Bloodlines
31:33 Conscription
33:07 Chain Barding Armor
34:09 Two-Man Saw
33:30 Forging
34:40 Plate Barding Armor
34:53 Fortified Wall
35:44 Chemistry
36:24 Iron Casting
36:38 Crop Rotation
37:03 Masonry
37:07 Stone Mining
36:49 Elite Leitis
38:34 Stone Shaft Mining
38:38 Scale Mail Armor
39:30 Fletching
39:56 Chain Mail Armor
41:22 Padded Archer Armor
41:18 Bodkin Arrow
44:39 Bracer
44:54 Leather Archer Armor
45:01 Ballistics
45:01 Bombard Tower
45:13 Architecture
48:10 Paladin
48:10 Light Cavalry
49:50 Ring Archer Armor
50:49 Winged Hussar
52:05 Onager
56:13 Block Printing
58:30 Redemption
59:59 Fervor
62:37 Sanctity
65:08 Illumination
64:43 Devotion
65:19 Theocracy
64:39 Herbal Medicine
66:09 Elite Skirmisher
gregyostnerij
3:13 Loom
12:29 Feudal Age
13:02 Double-Bit Axe
16:57 Castle Age
20:37 Bow Saw
20:35 Horse Collar
21:19 Heavy Plow
21:48 Stone Mining
Connection lost

Rejoining the realm…

Still unreachable

The connection could not be restored.

Session expired

The server has moved on; the page needs a fresh start.